 Dungeon Crawl Stone Soup version 0.17-a0-562-gfd539b1 (webtiles) character file.

635 Radiman the Cleaver (level 7, 0/57 HPs)
             Began as a Hill Orc Berserker on Apr 14, 2015.
             Was an Elder of Trog.
             Slain by an ogre
             ... wielding a +0 giant spiked club
              (27 damage)
             ... on level 5 of the Dungeon.
             The game lasted 00:13:07 (4776 turns).

Radiman the Cleaver (Hill Orc Berserker)            Turns: 4776, Time: 00:13:08

Health: 0/57       AC: 10    Str: 22    XL:     7   Next: 50%
Magic:  7/7        EV:  6    Int:  7    God:    Trog [****..]
Gold:   213        SH:  0    Dex: 10    Spells: 0 memorised, 6 levels left

rFire  . . .     SeeInvis .     a - +0 hand axe
rCold  . . .     Clarity  .     v - +0 plate armour
rNeg   . . .     SustAb   .     (no shield)
rPois  .         Gourm    .     (no helmet)
rElec  .         Spirit   .     (no cloak)
rCorr  .         Warding  .     (no gloves)
rMut   .         Stasis   .     (no boots)
MR     .....                    (no amulet)
Stlth  ..........               (no ring)
                                (no ring)

@: exhausted, slowed, very slow, not resistant to hostile enchantments,
extremely unstealthy
A: no striking features
a: Burn Spellbooks, Berserk, Trog's Hand, Brothers in Arms, Renounce Religion


You were on level 5 of the Dungeon.
You worshipped Trog.
Trog was greatly pleased with you.
You were very hungry.

You visited 1 branch of the dungeon, and saw 5 of its levels.

You collected 213 gold pieces.

Inventory:

Hand weapons
 a - a +0 hand axe (weapon)
Armour
 v - a +0 plate armour (worn)
Scrolls
 d - a scroll of remove curse {unknown}
 e - a scroll of fear {unknown}
 g - a scroll of fog {unknown}
 j - 2 scrolls of teleportation
 m - 2 scrolls of noise {unknown}
 n - a scroll of magic mapping {unknown}
 p - a scroll of recharging {unknown}
 r - a scroll of enchant armour {unknown}
Potions
 b - 4 potions of curing
 h - 2 potions of cancellation {unknown}
 i - a potion of restore abilities {unknown}
 l - 3 potions of resistance
 o - a potion of flight {unknown}
 q - a potion of heal wounds {unknown}
 s - a potion of lignification {unknown}
 t - 2 potions of degeneration {unknown}
Comestibles
 c - 5 bread rations
 f - 4 beef jerkies
 k - 2 meat rations
 u - a slice of pizza
 w - 4 chunks of flesh


   Skills:
 - Level 3.6 Fighting
 * Level 10.9 Axes
 - Level 2.1 Armour
 - Level 1.5 Dodging


You had 6 spell levels left.
You didn't know any spells.

Dungeon Overview and Level Annotations

Branches:
Dungeon (5/15)
 Temple: D:4-7

Altars:
Makhleb


Message History

The orc completely misses you. The orc hits you with a hand axe.
Things that are here:
a short sword; a chain mail You hit the orc but do no damage.
You hit the orc but do no damage. The orc hits you with a hand axe.
You barely miss the orc. The orc closely misses you.
You hit the orc but do no damage. The orc hits you but does no damage.
You hit the orc.
You kill the orc!
Trog accepts your kill. The ogre closely misses you.
The ogre hits you but does no damage.
Things that are here:
a flail; a leather armour; an orc skeleton The ogre hits you with a giant spiked club!
You see here a sky beast corpse.
The ogre hits you with a giant spiked club!
You hit the ogre.
The ogre is lightly wounded.
The ogre hits you with a giant spiked club!!
You die...

#..##># ##..))#
####.# #.# ###)#
#.†.##### #.
#.#.<...# # #.
##O#####.# ..##.
#@.# #.#
#..#.###.## #.#
#....#..# #.#
#....##
#.######...
#....#
#..........
#...##
#..#####.## #...#
#.)#....... #...#
##....#
#...#######...###


You could see an ogre.

Vanquished Creatures
  A sky beast (D:5)
  An ogre (D:4)
  An orc priest (D:3)
  2 hounds
  2 orc wizards
  2 worker ants
  An iguana (D:4)
  8 adders
  4 gnolls (D:4)
  3 oozes
  4 worms
  7 giant geckos
  12 orcs
  7 bats
  4 giant cockroaches
  7 hobgoblins
  2 jackals (D:2)
  9 kobolds
  4 quokkas
  2 ball pythons
  4 giant newts
  10 goblins
  7 rats
104 creatures vanquished.

Notes
Turn   | Place    | Note
--------------------------------------------------------------
     0 | D:1      | Radiman, the Hill Orc Berserker, began the quest for the Orb.
     0 | D:1      | Reached XP level 1. HP: 19/19 MP: 1/1
   207 | D:1      | Reached XP level 2. HP: 21/26 MP: 2/2
   349 | D:1      | Reached skill level 5 in Axes
   606 | D:1      | Reached XP level 3. HP: 28/31 MP: 3/3
   636 | D:1      | Acquired Trog's second power
   718 | D:2      | Found a burning altar of Makhleb.
   732 | D:2      | Reached skill level 6 in Axes
   732 | D:2      | Reached XP level 4. HP: 26/39 MP: 4/4
  1135 | D:2      | You fall through a shaft!
  1654 | D:2      | Reached skill level 7 in Axes
  2146 | D:3      | Reached XP level 5. HP: 45/45 MP: 5/5
  2435 | D:3      | Reached skill level 8 in Axes
  2638 | D:4      | Reached XP level 6. HP: 10/51 MP: 6/6
  2641 | D:4      | Reached skill level 9 in Axes
  3170 | D:4      | Noticed an ogre
  3177 | D:4      | Killed an ogre
  3565 | D:4      | Reached skill level 10 in Axes
  3565 | D:4      | Reached XP level 7. HP: 35/57 MP: 7/7
  4351 | D:5      | Entered Level 5 of the Dungeon
  4745 | D:5      | Acquired Trog's third power
  4776 | D:5      | Slain by an ogre

Action                   |  1- 3 |  4- 6 |  7- 9 || total
-------------------------+-------+-------+-------++-------
Melee: Hand axe          |    73 |   233 |   103 ||   409
Invok: Burn Spellbooks   |       |     1 |       ||     1
       Berserk           |       |     1 |     1 ||     2
  Use: Scroll            |       |     3 |       ||     3
  Eat: Chunk             |       |    10 |     3 ||    13
